 Dungeon Crawl Stone Soup version 0.31.0-1-g2c135a0 (webtiles) character file.

Game seed: 608369307785296621

61 mezmerelda the Conjurer (level 4, 0/27 HPs)
             Began as an Octopode Conjurer on Feb 20, 2024.
             Slain by an orc wizard
             ... wielding a +0 dagger
              (2 damage)
             ... on level 3 of the Dungeon.
             The game lasted 00:07:05 (1934 turns).

mezmerelda the Conjurer (Octopode Conjurer)         Turns: 1934, Time: 00:07:05

Health: 0/27       AC:  1    Str:  8    XL:     4   Next: 7%
Magic:  8/8        EV: 13    Int: 20    God:
Gold:   164        SH:  0    Dex: 10    Spells: 8/9 levels left

rFire   . . .        a - +0 dagger (pain)
rCold   . . .        (no shield)
rNeg    . . .        (helmet restricted)
rPois   .            (no amulet)
rElec   .            (no ring)
rCorr   .            (no ring)
SInv    .            (no ring)
Will    .....        (no ring)
Stlth   +++          (no ring)
HPRegen 0.24/turn    (no ring)
MPRegen 0.11/turn    (no ring)
                     (no ring)

%: no passive effects
@: no status effects
A: almost no armour, amphibious, 8 rings, camouflage 1, gelatinous body 1,
(nimble swimmer 1), tentacles
a: no special abilities


You were on level 3 of the Dungeon.
You visited 1 branch of the dungeon, and saw 4 of its levels.

You collected 164 gold pieces.

Inventory:

Hand Weapons
 a - a +0 dagger of pain (weapon)
Magical Staves
 b - a staff of alchemy
Scrolls
 d - a scroll of enchant weapon {unknown}
 e - 2 scrolls of teleportation {unknown}
 g - 2 scrolls of immolation {unknown}
 l - a scroll of amnesia {unknown}
Potions
 c - 5 potions of curing {unknown}
 f - a potion of heal wounds {unknown}
 h - a potion of degeneration {unknown}
 i - a potion of attraction {unknown}
 j - 2 potions of magic
 k - a potion of berserk rage {unknown}


   Skills:
 - Level 2.0 Dodging
 - Level 3.0 Stealth
 + Level 3.0 Spellcasting
 + Level 4.7 Conjurations


You had 8 spell levels left.
You knew the following spells:

 Your Spells              Type           Power      Damage    Failure   Level
a - Magic Dart            Conj           88%        1d7       1%          1

Your spell library contained the following spells:

 Spells                   Type           Power      Damage    Failure   Level
 Searing Ray              Conj           44%        2d6       3%          2
 Fulminant Prism          Conj/Alch      6%         3d7       47%         4
 Iskenderun's Mystic Bla  Conj/Tloc      12%        2d5       47%         4


Dungeon Overview and Level Annotations

Branches:
Dungeon (4/15)
 Temple: D:4-7

Altars:


Innate Abilities, Weirdness & Mutations

You cannot wear most types of armour.
You are amphibious.
You can wear up to eight rings at the same time.
Your skin changes colour to match your surroundings (Stealth+).
Your rubbery body absorbs attacks. (AC +1, EV +1)
((You are camouflaged when in or above water. (Stealth+)))
You have tentacles for arms and can constrict up to eight enemies at once.


Message History

The orc wizard casts a spell.
The orc wizard flickers and vanishes!
Deactivating autopickup; reactivate with Ctrl-A.
The frilled lizard closely misses you.
You hit the frilled lizard.
You kill the frilled lizard!
You see here 7 stones.
There is a stone staircase leading down here.
Things that are here:
a +0 dagger; a +0 flail; a frilled lizard corpse
Items here: ( )) [[ †.
You see here 7 stones.
A magic dart appears from out of thin air!
The magic dart hits you!
You closely miss something. Something hits you.
You miss something. Something hits you.
You hit something but do no damage. Something hits you but does no damage.
You hit something but do no damage.
You hear some strange, mumbled words.
A puff of flame appears from out of thin air!
The puff of flame hits you!
* * * LOW HITPOINT WARNING * * *
You completely miss something. Something hits you.
* * * LOW HITPOINT WARNING * * *
You closely miss something. Something completely misses you.
You hit something but do no damage.
You hear some strange, mumbled words.
Something tries to affect you, but you resist.
You barely miss something. You squeeze something. Something hits you.
* * * LOW HITPOINT WARNING * * *
You hit something but do no damage. Your squeeze misses something.
An orc wizard appears from thin air!
Reactivating autopickup.
The orc wizard hits you with a +0 dagger.
* * * LOW HITPOINT WARNING * * *
You hit the orc wizard. Your grab misses the orc wizard.
Your squeeze misses the orc wizard.
The orc wizard is moderately wounded.
The orc wizard hits you with a +0 dagger.
You die...

### ### #.###.#
#######.....#
#.......###.#
#.##.....##.#
#.†.......#.#
#####........#
#.....<#######
#####.###(.#.(o@.#
#..........#[###.###
#.###.####.#)#.....#
##.###.#......#.#.#.#
...........>###.#.#.#
##.###....%.....#.# #
#....<#..........#
#######.....######
........#


You could see an orc wizard.

Vanquished Creatures
  An adder (D:3)
  A dart slug (D:3)
  5 orcs (D:3)
  8 bats
  4 endoplasms
  A giant cockroach (D:3)
  5 goblins
  4 hobgoblins (D:1)
  A quokka (D:1)
  5 ball pythons
  5 frilled lizards
  3 rats (D:1)
43 creatures vanquished.

Notes
Turn   | Place    | Note
-------+----------+-------------------------------------------
     0 | D:1      | mezmerelda the Octopode Conjurer began the quest for the
                  | Orb.
     0 | D:1      | Reached XP level 1. HP: 11/11 MP: 3/3
   266 | D:1      | Reached XP level 2. HP: 17/17 MP: 5/5
   279 | D:1      | Found a faded altar of an unknown god.
   910 | D:2      | Reached XP level 3. HP: 13/21 MP: 6/6
  1774 | D:3      | Reached XP level 4. HP: 11/27 MP: 8/8
  1934 | D:3      | Slain by an orc wizard

Illustrated notes

Levels and vault maps discovered:
D:1:      matt_arrival_los_fun, layout_rooms,
          shapermc_ecumenical_altar_starsandcircs, corexii_leaking_fountain,
          kennysheep_nondescript, dreamdust_princess_corridor, fountainhead
D:2:      layout_loops_corners, minmay_tromino_v2
D:3:      layout_basic
D:4:      layout_gridville

Skill      XL: |  1  2  3 |
---------------+----------+-----
Stealth        | 3 |  3.0
Spellcasting   | 3 |  3.0
Dodging        | |  2.0
Conjurations   | |  4.7

Action                     |  1- 3 |  4- 6 || total
---------------------------+-------+-------++-------
  Melee: Unarmed           |    13 |       ||    13
         Constrict         |    21 |     2 ||    23
         Tentacles         |    19 |     2 ||    21
         Staff             |    58 |       ||    58
         Dagger            |    29 |    17 ||    46
   Cast: Magic Dart        |     2 |     2 ||     4
   Stab: Sleeping          |    12 |       ||    12
 Armour: Skin              |    53 |    15 ||    68
  Dodge: Dodged            |    63 |    11 ||    74
